Map: Echo LE (Void)

Players

Bop - Winner!

  • Race: Zerg Zerg

Bones

  • Race: Protoss Protoss

VOD

Have the link to the VOD?

Description

Time

  • Played on: May 1, 2015, 1:35 a.m.
  • Length: 14:29
Show
View Real Time Build Order
Export as new Build Order

Bop Zerg - Winner!

Build Orders: Hatch First 

Get SALT Encoding   

  12  0:01  Drone  
  13  0:10  Drone  
  14  0:22  Drone, Extractor  
  14  0:26  Drone, Extractor  
  16  0:43  Hatchery  
  15  1:00  Spawning Pool  
  14  1:19  Hatchery  
  14  1:24  Drone  
  14  1:33  Overlord  
  14  1:36  Drone, Extractor  
  14  1:39  Extractor  
  13  1:41  Drone  
  16  1:51  Queen  
  18  1:59  Zergling x2  
  19  2:01  Drone  
  19  2:02  Drone  
  22  2:08  Drone x2  
  23  2:22  Drone x2  
  25  2:34  Queen  
  25  2:35  Overlord  
  27  2:38  Drone x2  
  27  2:43  Drone x3  
  32  2:51  Queen  
  32  2:55  Overlord  
  34  2:59  Drone  
  34  3:03  Drone x2  
  34  3:04  Drone  
  38  3:07  Drone x2  
  40  3:14  Zergling x2  
  40  3:16  Zergling x2  
  40  3:17  Drone  
  40  3:18  Drone x2  
  40  3:19  Extractor  
  44  3:22  Extractor  
  44  3:26  Drone x3  
  44  3:38  Drone x6  
  49  3:47  Drone  
  49  4:00  Overlord x2  
  49  4:02  Roach Warren  
  48  4:05  Metabolic Boost  
  48  4:11  Drone  
  49  4:17  Queen x2  
  49  4:18  Overlord  
  49  4:23  Drone x7  
  60  4:28  Extractor  
  57  4:42  Roach x8  
  73  4:47  Overlord  
  73  4:55  Overlord  
  73  5:02  Overlord  
  73  5:03  Overlord  
  73  5:08  Roach x4  
  81  5:16  Roach x4  
  81  5:17  Overlord x2  
  89  5:26  Roach  
  89  5:27  Roach x4  
  95  5:30  Zergling x6  
  95  5:34  Zergling x6  
  89  5:45  Roach x4  
  89  5:49  Roach x2  
  99  5:52  Roach x2  
  99  5:54  Zergling x4  
  94  5:58  Zergling x4  
  94  6:03  Zergling x2  
  94  6:06  Zergling x4  
  94  6:11  Roach  
  90  6:17  Roach  
  85  6:21  Roach  
  79  6:26  Queen x3  
  79  6:30  Roach  
  79  6:31  Roach x2  
  85  6:48  Roach x4  
  85  6:52  Overlord  
  93  7:02  Burrow  
  93  7:09  Lair  
  93  7:20  Drone x3  
  93  7:21  Overlord  
  93  7:22  Overlord  
  96  7:25  Hatchery  
  96  7:28  Evolution Chamber  
  94  7:35  Drone  
  94  7:36  Drone x2  
  94  7:38  Roach x9  
  110  7:46  Extractor  
  109  8:03  Drone  
  109  8:04  Drone x2  
  109  8:05  Ravager  
  113  8:06  Ravager x4  
  113  8:09  Zergling x2  
  113  8:10  Zergling x14  
  125  8:14  Glial Reconstitution  
  125  8:16  Drone x11  
  125  8:18  Extractor  
  125  8:19  Extractor  
  134  8:23  Roach x2  
  134  8:24  Overlord  
  138  8:36  Overlord x2  
  138  8:47  Overlord, Roach x8  
  151  8:59  Roach x7  
  160  9:03  Roach x15  
  160  9:15  Roach  
  160  9:16  Roach x4  
  163  9:26  Drone x4  
  163  9:27  Zerg Missile Weapons Level 1  
  167  9:32  Overlord  
  167  9:41  Overlord  
  167  9:42  Extractor  
  167  9:44  Hatchery  
  165  9:48  Extractor  
  165  9:52  Overseer  
  164  10:01  Roach  
  164  10:02  Roach x8  
  182  10:07  Overlord  
  182  10:08  Overlord  
  182  10:16  Overlord  
  182  10:28  Ravager  
  182  10:29  Ravager x5  
  182  10:30  Ravager  
  182  10:31  Drone x7  
  196  10:46  Roach  
  180  10:53  Roach  
  180  10:54  Roach x6  
  161  10:59  Hatchery  
  136  11:06  Roach  
  136  11:07  Roach x2  
  127  11:15  Hatchery  
  127  11:17  Roach x3  
  127  11:18  Roach x11  
  134  11:28  Roach  
  134  11:29  Roach x4  
  142  11:41  Ravager x2  
  142  11:42  Ravager  
  142  11:45  Roach x5  
  155  11:55  Roach x2  
  155  11:56  Roach x4  
  162  12:14  Ravager x4  
  166  12:23  Ravager x2, Extractor  
  166  12:25  Zergling x14  
  166  12:26  Zergling x20  
  166  12:28  Extractor  
  183  12:41  Roach x13  
  183  12:45  Roach x17  
  170  12:51  Roach  
  170  12:52  Roach x13  
  179  13:03  Roach x5  
  177  13:13  Infestation Pit  
  172  13:26  Roach x10  
  172  13:32  Ravager x10  
  172  13:34  Zergling x24  
  182  13:41  Zergling x14  
  180  13:51  Zergling x6  
  180  13:52  Zergling x8  
  160  14:02  Zergling x2  
  160  14:03  Zergling x12  
  148  14:19  Ravager x13  
  148  14:20  Ravager  
Show
View Real Time Build Order
Export as new Build Order

Bones Protoss 

Build Orders: Nexus First, Mass Adepts 

Get SALT Encoding   

  12  0:02  Probe  
  13  0:14  Probe  
  14  0:40  Nexus  
  14  0:49  Pylon  
  14  1:07  Probe (Chrono Boost)  
  14  1:08  Gateway  
  15  1:18  Probe (Chrono Boost)  
  16  1:24  Probe (Chrono Boost)  
  17  1:33  Assimilator x2  
  17  1:34  Probe (Chrono Boost)  
  18  1:41  Probe (Chrono Boost)  
  19  1:52  Probe (Chrono Boost)  
  21  1:56  Probe (Chrono Boost)  
  21  1:58  Probe (Chrono Boost)  
  21  2:00  Cybernetics Core  
  22  2:05  Probe (Chrono Boost)  
  23  2:09  Zealot  
  23  2:15  Probe (Chrono Boost)  
  26  2:17  Probe (Chrono Boost)  
  28  2:25  Probe x2 (Chrono Boost)  
  29  2:31  Pylon  
  29  2:34  Probe x2  
  31  2:38  Adept (Chrono Boost)  
  31  2:39  Warp Gate (Chrono Boost)  
  33  2:46  Probe x2  
  35  2:58  Adept  
  35  2:59  Probe x2  
  39  3:07  Pylon  
  39  3:12  Probe x2  
  41  3:24  Probe  
  41  3:25  Probe  
  43  3:37  Probe  
  44  3:46  Gateway x2  
  44  3:48  Gateway x2  
  44  3:50  Gateway  
  44  3:51  Gateway  
  44  3:52  Gateway  
  44  3:55  Adept  
  46  4:02  Pylon  
  44  4:32  Adept  
  44  4:38  Pylon  
  46  4:45  Pylon  
  46  4:47  Adept x6  
  46  4:50  Adept, Pylon  
  60  5:07  Pylon  
  60  5:09  Adept x3  
  60  5:10  Adept x3  
  60  5:12  Adept x2  
  74  5:26  Adept  
  74  5:27  Adept  
  76  5:30  Adept x2  
  76  5:31  Adept x2  
  76  5:34  Adept x2  
  78  5:43  Adept  
  78  5:48  Adept  
  80  5:55  Adept  
  80  5:56  Adept x4  
  80  5:58  Adept  
  80  6:03  Stalker  
  72  6:11  Zealot  
  68  6:16  Zealot x2  
  68  6:17  Zealot x3  
  67  6:21  Adept  
  61  6:26  Stalker  
  55  6:33  Adept  
  55  6:39  Probe (Chrono Boost)  
  45  6:40  Assimilator  
  45  6:41  Assimilator  
  45  6:45  Probe (Chrono Boost)  
  45  6:46  Adept x3  
  51  6:54  Probe x2  
  51  6:58  Forge  
  53  7:07  Probe (Chrono Boost)  
  55  7:12  Probe (Chrono Boost)  
  55  7:13  Zealot  
  57  7:18  Mothership Core (Chrono Boost)  
  57  7:20  Pylon  
  57  7:21  Probe (Chrono Boost)  
  60  7:30  Pylon  
  60  7:32  Probe  
  60  7:34  Probe  
  62  7:44  Probe, Photon Cannon x2  
  59  7:46  Probe  
  59  7:50  Photon Cannon  
  60  7:52  Protoss Ground Weapons Level 1 (Chrono Boost), Robotics Facility  
  60  7:56  Probe  
  61  8:15  Twilight Council  
  61  8:32  Pylon  
  61  8:39  Immortal (Chrono Boost)  
  61  8:41  Adept x5  
  69  8:42  Adept x2  
  69  8:48  Pylon  
  79  8:52  Pylon  
  79  8:58  Pylon  
  79  9:02  Photon Cannon  
  77  9:10  Immortal (Chrono Boost)  
  81  9:33  Protoss Ground Weapons Level 2 (Chrono Boost)  
  81  9:34  Templar Archives  
  81  9:37  Adept  
  81  9:38  Adept x6  
  91  9:39  Immortal (Chrono Boost)  
  99  9:46  Shield Upgrade (Chrono Boost)  
  99  9:47  Pylon  
  99  9:52  Adept  
  99  10:11  Immortal (Chrono Boost)  
  103  10:14  Adept x2  
  103  10:15  Adept x2  
  109  10:33  High Templar x2  
  109  10:35  Adept x3  
  115  10:37  Observer  
  115  10:40  Archon  
  115  10:42  Pylon  
  120  10:49  Adept x2  
  114  10:56  Adept x2  
  84  11:06  Adept x2  
  76  11:16  High Templar x2  
  68  11:21  Archon  
  68  11:25  Immortal (Chrono Boost)  
  64  11:32  Adept x2  
  64  11:55  Immortal (Chrono Boost)  
  60  12:05  Adept x5  
  70  12:28  Immortal (Chrono Boost)  
  73  12:48  High Templar x3  
  79  12:52  High Templar  
  79  12:53  Observer (Chrono Boost)  
  79  12:55  Archon x2  
  70  13:14  Pylon  
  69  13:24  Adept x2  
  69  13:25  Adept x2  
  73  13:33  High Templar x2  
  77  13:37  Archon  
  67  13:52  Adept x2  
Tags
 
Add a new tag
Caveats
  • Supply blocks, unpowered buildings, or Contaminate may cause inaccurate times.
  • Supply counts are checked every 10 seconds.